Map: Rhoskallian LE

Players

Massa - Winner!

  • Race: Terran Terran
  • League: Platinum
  • Spawn Location: 12:00

qqq - Winner!

  • Race: Zerg Zerg
  • Spawn Location: 11:00

dca

  • Race: Zerg Zerg
  • Spawn Location: 5:00

Storstark

  • Race: Zerg Zerg
  • League: Diamond
  • Spawn Location: 6:00

VOD

Have the link to the VOD?

Description

Time

  • Played on: March 6, 2021, 8:26 a.m.
  • Length: 6:15
Show
View Real Time Build Order
Export as new Build Order

Massa Terran - Winner!

Build Orders:  

Get SALT Encoding   

  12  0:00  SCV  
  13  0:12  SCV  
  14  0:23  Supply Depot  
  14  0:24  SCV  
  15  0:45  SCV  
  15  0:46  Barracks  
  16  0:50  Refinery  
  16  0:57  SCV  
  17  1:09  SCV  
  18  1:21  SCV  
  19  1:28  Supply Depot  
  19  1:33  SCV, Barracks  
  19  1:36  Bunker  
  19  1:37  Reaper  
  21  1:49  Orbital Command  
  21  2:09  Marine  
  22  2:19  SCV  
  23  2:32  Command Center  
  23  2:55  Barracks Tech Lab  
  23  2:57  SCV  
  24  2:59  Barracks Reactor  
  24  3:11  Refinery  
  24  3:15  Stimpack  
  24  3:16  Marine  
  25  3:22  Factory  
  25  3:34  Marine  
  25  3:35  Marine x2  
  25  3:39  SCV  
  29  3:45  Orbital Command  
  29  3:51  SCV  
  29  3:53  Marauder, Marine x2  
  34  4:09  Factory Tech Lab  
  34  4:11  Marine x2  
  34  4:13  Starport  
  34  4:14  Refinery, Marine  
  37  4:17  Refinery  
  37  4:30  SCV x2  
  38  4:42  SCV x2  
  39  4:50  Starport Tech Lab  
  42  4:52  Siege Tank  
  42  4:54  SCV x2  
  42  4:59  Marine x2  
  46  5:09  Supply Depot  
  46  5:11  Supply Depot  
  46  5:24  SCV  
  46  5:31  SCV, Marine x3  
  49  5:36  SCV  
  50  5:43  SCV  
  50  5:49  Marauder, Marine x2  
Show
View Real Time Build Order
Export as new Build Order

qqq Zerg - Winner!

Build Orders: Hatch First 

Get SALT Encoding   

  12  0:01  Drone  
  13  0:08  Drone  
  14  0:18  Overlord  
  14  0:50  Hatchery  
  14  0:51  Drone  
  14  0:54  Drone  
  15  0:57  Drone  
  16  1:07  Drone  
  17  1:14  Extractor  
  16  1:24  Spawning Pool  
  15  1:28  Drone  
  15  1:30  Drone  
  17  1:46  Drone  
  17  1:47  Drone  
  19  1:57  Drone  
  20  2:13  Overlord  
  20  2:18  Queen  
  20  2:19  Queen  
  20  2:21  Drone  
  26  2:22  Drone  
  26  2:27  Overlord  
  26  2:33  Metabolic Boost  
  26  2:37  Drone  
  26  2:40  Drone  
  28  2:44  Drone  
  28  2:50  Baneling Nest  
  28  2:56  Drone  
  29  3:04  Evolution Chamber  
  29  3:05  Drone x2  
  29  3:07  Drone  
  29  3:09  Zergling x2  
  29  3:11  Zergling x2  
  32  3:17  Overlord  
  32  3:19  Zergling x2  
  33  3:23  Zergling x2  
  34  3:28  Zergling x2  
  34  3:33  Zerg Melee Weapons Level 1  
  35  3:37  Zergling x4  
  35  3:38  Zergling x2  
  35  3:39  Drone  
  39  3:43  Zergling x2  
  39  3:45  Zergling x2  
  39  3:47  Baneling x2  
  41  3:51  Zergling x2  
  41  3:52  Zergling x2  
  43  3:58  Zergling x2  
  44  4:08  Baneling x2  
  43  4:21  Baneling  
  39  4:30  Baneling  
  38  4:31  Zergling x4  
  38  4:32  Zergling x10  
  45  4:39  Extractor  
  43  4:47  Zergling x4  
  45  5:08  Baneling x3, Zergling x2  
  45  5:09  Zergling x8  
  45  5:10  Drone  
  45  5:11  Overlord x4  
  50  5:28  Zergling x4  
  49  5:38  Zergling x14  
  49  5:39  Zergling x2  
Show
View Real Time Build Order
Export as new Build Order

dca Zerg 

Build Orders: Pool First, Zergling Baneling 

Get SALT Encoding   

  12  0:02  Drone  
  13  0:17  Drone  
  14  0:38  Spawning Pool  
  14  0:39  Drone  
  14  0:40  Extractor, Overlord  
  13  0:56  Drone  
  14  1:00  Drone  
  14  1:01  Drone  
  16  1:25  Queen  
  18  1:50  Hatchery  
  18  1:51  Drone  
  18  1:53  Overlord  
  18  2:02  Queen  
  18  2:04  Metabolic Boost  
  20  2:15  Drone x2  
  22  2:16  Drone  
  23  2:34  Drone  
  24  2:38  Baneling Nest  
  23  3:01  Zergling x6  
  26  3:11  Zergling x4  
  28  3:27  Zergling x10  
  33  3:35  Zergling x4  
  35  3:51  Baneling x3  
  35  3:52  Baneling x3  
  35  3:55  Overlord  
  35  4:05  Baneling x3  
  27  4:40  Drone x11  
  27  4:41  Drone  
  39  4:52  Zergling x4  
  41  4:56  Hatchery  
  41  4:57  Spine Crawler  
  39  5:08  Baneling x2  
  39  5:18  Spine Crawler  
  26  5:41  Zergling x28  
Show
View Real Time Build Order
Export as new Build Order

Storstark Zerg 

Build Orders: Hatch First 

Get SALT Encoding   

  12  0:00  Drone  
  13  0:08  Drone  
  14  0:37  Hatchery  
  14  0:39  Drone  
  14  0:46  Overlord  
  14  1:03  Spawning Pool  
  13  1:07  Drone  
  14  1:11  Extractor  
  14  1:13  Extractor  
  14  1:14  Drone  
  13  1:18  Drone  
  13  1:24  Drone  
  15  1:29  Drone  
  16  1:39  Drone  
  17  1:49  Drone  
  17  1:51  Drone  
  19  1:54  Metabolic Boost  
  19  2:07  Zergling x2  
  19  2:08  Zergling x2  
  21  2:18  Zergling x4  
  23  2:23  Burrow  
  23  2:24  Zergling x2  
  24  2:38  Zergling x2  
  24  2:39  Zergling x4  
  27  2:50  Zergling x2  
  28  2:53  Overlord x2  
  28  3:10  Queen  
  28  3:12  Drone x3  
  33  3:15  Drone  
  33  3:17  Drone  
  35  3:31  Drone  
  35  3:32  Drone  
  35  3:33  Queen  
  39  3:53  Overlord  
  38  4:00  Zergling x6  
  38  4:01  Zergling x4  
  43  4:05  Spine Crawler  
  43  4:08  Overlord  
  42  4:10  Hatchery  
  36  4:21  Drone  
  36  4:22  Drone x3  
  39  4:30  Zergling x2  
  40  4:34  Drone x2  
  38  4:46  Drone x4  
  38  4:49  Extractor  
  38  4:50  Extractor  
  38  4:51  Spine Crawler  
  39  4:56  Drone x2, Spine Crawler  
  40  5:02  Queen x2  
  44  5:11  Drone x2  
  44  5:12  Drone x4  
  50  5:21  Drone  
  50  5:22  Drone  
  50  5:31  Zergling x2  
  50  5:35  Zergling x6  
  50  5:36  Queen  
  52  5:47  Drone x7  
Tags
 
Add a new tag
Caveats
  • Supply blocks, unpowered buildings, or Contaminate may cause inaccurate times.
  • Supply counts are checked every 10 seconds.